← All builds
Geo sea / Armada / Economy first / OBSERVED BUILD

Standard geo sea

Armada Geo sea build order · Supreme Isthmus

The role's baseline: bot lab then shipyard in the cove, early destroyer and submarine to contest the sea, with geothermal powering the economy as the game transitions into a naval/amphibious mix.

Usually shipyard in the cove (88%)

#naval #eco · 1432 distinct matches · 180 players · 78% of Armada Geo sea games · team won 54% of 1589 · Recently observed

HOW TO PLAY IT

Key timing: Shipyard by 3:12

  1. Open 3 mex and wind, then drop Bot Lab by 1:12.
  2. Build Shipyard in the cove to start the naval contest.
  3. Pump submarine then destroyer to contest enemy sea entry.
  4. Add geothermal powerplant to fund the economy transition.
  5. Upgrade to Advanced Metal Extractor as eco scaling finishes.

Phase by phase

TYPICAL OF ITS 1432 GAMES
  1. 1
  2. 2
  3. 3
  4. 4
PLAY THE OPENING

Follow the example game's first 6:00 step by step: what to build now, what comes next, and where it goes. At 1× it keeps pace with your own game.

  1. 1

    Up to the Bot Lab

    Economy
    • Metal Extractor3Mex
    • Wind Turbine3Wind
    Order
    1. Bot LabBot Lab after 3 mex, 3 winddone ~1:12, middle half 1:06–1:18

    Some games also: wind for allies (46%)

    By 0:55 in all: 3 mex · 3 wind

    The example game in this phase · 4 steps
    1. Mex ×3
    2. Wind ×2for Air
    3. Wind ×6
    4. Bot LabBot Labdone 1:33 · typical 1:12
  2. 2

    Bot Lab to Shipyard

    Economy
    • Metal Extractor1Mex
    • Wind Turbine1Wind
    Order
    1. ShipyardShipyard after 4 mex, 4 winddone ~3:11, middle half 2:48–3:37
    Builders
    • Construction Bot3 Con bot
    • Lazarus2 Lazarus

    Some games also: pawn (41%) · con turret (39%) · crossbow (38%)

    By 2:47 in all: 4 mex · 4 wind

    The example game in this phase · 6 steps
    1. Construction BotCon bot ×2
    2. Mex
    3. LazarusLazarus ×2
    4. Energy storage
    5. LazarusLazarus
    6. ShipyardShipyarddone 3:08 · typical 3:11
  3. 3

    Shipyard to 5:00

    Economy
    • Metal Extractor4Mex
    • Wind Turbine2Wind
    Order
    1. Bot LabEat Bot Lab
    Builders
    • Construction Ship1 Con ship
    Army
    • Dolphin3 Dolphin
    • Skater1 Skater
    Other
    • Radar Tower1 Radar Tower

    Some games also: destroyer (47%) · submarine (44%) · Sentry (44%) · converter (33%) · con turret (32%)

    By 5:00 in all: 8 mex · 7 wind · 1 energy storage · 1 con turret

    The example game in this phase · 16 steps
    1. Mex
    2. Construction BotCon bot
    3. Mex
    4. EelSubmarinedone 3:32 · typical 4:29
    5. Construction BotCon bot
    6. Mex ×2
    7. SkaterSkater ×2
    8. Bot LabEat Bot Labreclaimed for its metal
    9. CorsairDestroyernot finished by 15:00 · typical 5:41
    10. EelSubmarine
    11. SentrySentry
    12. Radar TowerRadar Tower
    13. CorsairDestroyer
    14. SentrySentry ×3
    15. Geothermal PowerplantGeodone 6:14 · typical 7:53
    16. EllysawFrigate
  4. 4

    5:00 to 10:00

    Economy
    • Metal Extractor2Mex
    • Wind Turbine12Wind
    • Energy Converter3Converter
    Builders
    • Construction Turret1 Con turret
    • Grim Reaper1 Grim Reaper
    • Construction Ship1 Con ship
    Army
    • Sentry1 Sentry
    • Dolphin4 Dolphin
    • Skater2 Skater
    • Corsair2 Destroyer

    Some games also: geo (42%) · Harpoon (42%) · frigate (42%) · Naval Construction Turret (35%) · submarine (30%)

    By 10:00 in all: 11 mex · 20 wind · 1 geo · 4 converter · 1 energy storage · 2 con turret

    The example game in this phase · 129 steps
    1. SentrySentry
    2. Wind
    3. Mex
    4. SentrySentry
    5. Wind ×2
    6. Mex
    7. Wind
    8. EllysawFrigate
    9. Construction ShipCon ship
    10. EllysawFrigate
    11. Wind
    12. Naval Construction Turret
    13. BeholderBeholder
    14. Grim ReaperGrim Reaper
    15. Con turret
    16. BeholderBeholder
    17. Wind
    18. Advanced Metal ExtractorT2 mexdone 8:05 · typical 9:20
    19. Grim ReaperGrim Reaper
    20. BeholderBeholder
    21. Wind
    22. AnemoneAnemone
    23. CorsairDestroyer
    24. Wind
    25. Mex
    26. Con turret
    27. Wind
    28. Advanced Metal ExtractorT2 mex
    29. Naval Radar / Sonar TowerNaval Radar / Sonar Tower
    30. Wind
    31. Converter ×2
    32. Wind
    33. Con turret
    34. Advanced Metal ExtractorT2 mex
    35. Converter
    36. SkaterSkater
    37. EllysawFrigate
    38. Converter
    39. HarpoonHarpoon
    40. Wind
    41. Converter
    42. EllysawFrigate
    43. Converter ×2
    44. EllysawFrigate
    45. Converter
    46. Wind
    47. Converter
    48. EllysawFrigate
    49. Naval Radar / Sonar TowerNaval Radar / Sonar Tower
    50. BeholderBeholder
    51. Advanced Metal ExtractorT2 mex
    52. Converter
    53. Wind
    54. EelSubmarine
    55. Converter
    56. Con turret
    57. EelSubmarine
    58. Converter ×2
    59. EllysawFrigate
    60. Converter
    61. Con turret
    62. Converter
    63. EllysawFrigate
    64. Converter
    65. EllysawFrigate
    66. Con turret
    67. Advanced Metal ExtractorT2 mex
    68. DolphinDolphin
    69. Wind
    70. DolphinDolphin
    71. Wind ×2
    72. DolphinDolphin
    73. Wind ×3
    74. DolphinDolphin
    75. Wind
    76. Advanced Metal ExtractorT2 mex
    77. DolphinDolphin
    78. Wind
    79. BeamerBeamer
    80. Wind
    81. DolphinDolphin
    82. Construction ShipCon ship
    83. Wind
    84. Advanced Geothermal PowerplantAdvanced Geothermal Powerplantdone 14:37
    85. BeamerBeamer
    86. Wind
    87. DolphinDolphin
    88. Naval Construction Turret
    89. Wind
    90. DolphinDolphin
    91. Naval Construction Turret
    92. Wind
    93. Con turret
    94. DolphinDolphin
    95. Wind
    96. Naval Construction Turret
    97. ShipyardShipyarddone 13:11
    98. Naval Construction Turret
    99. DolphinDolphin
    100. Wind
    101. CauteriserCauteriser
    102. SentrySentry
    103. Naval Construction Turret
    104. EllysawFrigate
    105. ChainsawChainsaw
    106. Wind
    107. Naval Construction Turret ×2
    108. EllysawFrigate
    109. CorsairDestroyer
    110. Wind
    111. EllysawFrigate
    112. Wind
    113. EllysawFrigate
    114. Wind
    115. EllysawFrigate
    116. Advanced Metal ExtractorT2 mex
    117. CorsairDestroyer
    118. EllysawFrigate
    119. Wind ×2
    120. EllysawFrigate
    121. Wind
    122. CorsairDestroyer
    123. ShipyardEat Shipyardreclaimed for its metal
    124. Advanced Metal ExtractorT2 mex
    125. Wind ×2
    126. CorsairDestroyer
    127. Advanced ShipyardAdvanced Shipyardnot finished by 15:00
    128. Wind
    129. Con turret

Counts are medians over the build's games: half of them build more, half fewer. The example game is Deathkebab's (35 OS, 15/10/2026); pick another.

Team trades

IN AT LEAST 30% OF ITS GAMES

You hand over

  • Wind Turbine2 Wind to Airfirst at 1:40 · in 64% of games

You get

  • Finch1 Finch from Airfirst at 1:53 · in 74% of games
  • Hercules1 Light transport from Airfirst at 2:04 · in 65% of games
  • Advanced Construction Bot1 T2 con bot from Techfirst at 7:42 · in 90% of games

How it plays out

Typical game of this build, running totals by minute

Metal produced

010k20k30k
0:005:0010:0015:00

metal

Enemy metal destroyed

05k10k
0:005:0010:0015:00

metal

Own metal lost

02.5k5k7.5k
0:005:0010:0015:00

metal

1589 games.

Show as table
ByMetal produced: This buildEnemy metal destroyed: This buildOwn metal lost: This build
1:0039500
2:0092800
3:00159900
4:002877040
5:00412719052
6:005516531291
7:007058990622
8:00872616781030
9:001059824521588
10:001281533642234
11:001541544353096
12:001852154683757
13:002186264554574
14:002551075525363
15:002916684756110
WHAT THE NUMBERS SAY

Standard Geo sea play wins slightly less than half the time but builds a strong metal base by 15:00 with moderate losses.

  • + Metal produced reaches 29210 by 15:00, well above Beach sea's early pace.
  • + Corsair (destroyer) makes up 34% of army, a clear naval focus.
  • − Own metal lost climbs to 6339 by 15:00 from sea skirmishes.
  • − Geothermal only completes in 58% of games, an inconsistent power spike.
THE EXAMPLE YOU ARE READING

Deathkebab

35.5 OS · 15/10/2026

Open source match ↗

4 received units · includes a constructor
235 metal received · 16302 energy received

Allied construction assistance is unknown. Timings are observations, not a promise of solo reproducibility.

Typical milestones

Bot Lab1:12Middle 50%: 1:06–1:18 · n=1545
Shipyard3:11Middle 50%: 2:48–3:37 · n=1568
Eel4:29Middle 50%: 3:46–5:37 · n=976
Corsair5:41Middle 50%: 4:57–6:40 · n=1463
Geothermal Powerplant7:53Middle 50%: 6:49–9:30 · n=1013
Advanced Metal Extractor9:20Middle 50%: 8:38–10:08 · n=1393

Played most by

_X_137games of this buildJesterB71games of this buildOptimusprimenutt61games of this buildhaaven55games of this buildpyrothraxus51games of this build
Standard geo sea · Armada Geo sea build order · BAR Build Atlas